 Dungeon Crawl Stone Soup version 0.19.0-24-gb05acd6 (webtiles) character file.

116 Firecrotchwizard the Skirmisher (level 5, -1/43 HPs)
             Began as a Formicid Fighter on Nov 22, 2016.
             Slain by Robin
             ... wielding a +0 dagger
              (5 damage)
             ... on level 3 of the Dungeon.
             The game lasted 00:04:20 (1476 turns).

Firecrotchwizard the Skirmisher (Formicid Fighter)  Turns: 1476, Time: 00:04:21

Health: -1/43      AC:  8    Str: 20    XL:     5   Next: 21%
Magic:  5/5        EV:  8    Int:  8    God:
Gold:   173        SH:  9    Dex: 11    Spells: 0 memorised, 4 levels left

rFire  . . .     SeeInvis +     a - +0 flail
rCold  . . .     Gourm    .     b - +0 scale mail
rNeg   . . .     Faith    .     c - +0 shield
rPois  .         Spirit   .     (helmet unavailable)
rElec  .         Reflect  .     (no cloak)
rCorr  .         Harm     .     r - +0 pair of gloves
MR     .....                    (no boots)
Stlth  ..........               (no amulet)
                                (no ring)
                                (no ring)

@: no status effects
A: permanent stasis, dig shafts and tunnels, four strong arms, antennae 3
a: Dig, Shaft Self


You were on level 3 of the Dungeon.
You were not hungry.

You visited 1 branch of the dungeon, and saw 3 of its levels.

You collected 173 gold pieces.

Inventory:

Hand Weapons
 a - a +0 flail (weapon)
Armour
 b - a +0 scale mail (worn)
 c - a +0 shield (worn)
 r - a +0 pair of gloves (worn)
Scrolls
 e - 3 scrolls of teleportation
 f - a scroll of identify {unknown}
 i - 3 scrolls of remove curse
 k - a scroll of blinking {unknown}
 l - 2 scrolls of enchant armour {unknown}
 m - a scroll of recharging {unknown}
 n - a scroll of enchant weapon {unknown}
 o - a scroll of magic mapping {unknown}
 p - a scroll of noise {unknown}
 q - 3 scrolls of amnesia {unknown}
 s - a scroll of immolation {unknown}
 v - a scroll of fear {unknown}
Potions
 d - 2 potions of might
 g - a potion of agility {unknown}
 h - a potion of heal wounds {unknown}
 j - a potion of curing {unknown}
 u - a potion of lignification {unknown}
Comestibles
 t - 3 fruits


   Skills:
 * Level 4.6 Fighting
 * Level 3.0 Maces & Flails
 + Level 3.7 Armour
 + Level 4.4 Shields


You had 4 spell levels left.
You didn't know any spells.

Dungeon Overview and Level Annotations

Branches:
Dungeon (3/15)

Altars:

Annotations:
D:3 Robin


Innate Abilities, Weirdness & Mutations

You are under a permanent stasis effect.
You can dig through walls and to a lower floor.
Your four strong arms can wield two-handed weapons with a shield.
You have a pair of large antennae on your head. (SInv)


Message History

The goblin hits you with a club.
* * * LOW HITPOINT WARNING * * *
The goblin barely misses you.
You closely miss the goblin.
The goblin is severely wounded.
The goblin hits you but does no damage. You block the goblin's attack. x2
Your shield prevents you from hitting the goblin.
The goblin is severely wounded.
You block the goblin's attack. x2; The goblin barely misses you.
You block the goblin's attack.
Your scale mail prevents you from hitting the goblin.
The goblin is severely wounded.
The goblin hits you but does no damage. x2; The goblin hits you.
* * * LOW HITPOINT WARNING * * *
You hit the goblin.
You kill the goblin!
Your Maces & Flails skill increases to level 3!
Robin says, "Bow before me, strongest of all the hobgoblins!"
You block the goblin's attack. x2; Robin hits you with a dagger.
You die...

.... ... .. ####.###
#....... #...#g########
########.....g....... #
#......#...{#g##..###
#.##......#....#@## #
..............#gg# .#
#...........#..#..#.#
#......##...#.?......
#......##..........#.
#...##.##...#........
####.#.##.##...#).#.....
......)...###.###.#.....
######.##.#..[. .......


You could see Robin, 2 hobgoblins and 2 goblins.

Vanquished Creatures
  3 gnolls (D:2)
  2 adders (D:2)
  An ooze (D:2)
  3 worms (D:2)
  A dart slug (D:1)
  A leopard gecko (D:1)
  3 orcs (D:3)
  6 bats
  2 giant cockroaches
  9 goblins
  7 hobgoblins
  5 kobolds (D:1)
  A quokka (D:2)
  2 frilled lizards
  5 rats
51 creatures vanquished.

Notes
Turn   | Place    | Note
-------+----------+-------------------------------------------
     0 | D:1      | Firecrotchwizard the Formicid Fighter began the quest for the Orb.
     0 | D:1      | Reached XP level 1. HP: 18/18 MP: 1/1
   140 | D:1      | Reached XP level 2. HP: 22/24 MP: 2/2
   288 | D:1      | Reached XP level 3. HP: 30/30 MP: 3/3
   831 | D:2      | Reached XP level 4. HP: 37/38 MP: 4/4
  1336 | D:2      | Reached XP level 5. HP: 34/43 MP: 5/5
  1440 | D:3      | Noticed Robin
  1476 | D:3      | Slain by Robin

Skill      XL: |  1  2  3  4  5 |
---------------+----------------+-----
Fighting       | 4 |  4.6
Shields        | 4 |  4.4
Maces & Flails | 3 |  3.0
Armour         | |  3.7

Action                   |  1- 3 |  4- 6 || total
-------------------------+-------+-------++-------
Melee: Flail             |   116 |   124 ||   240
  Use: Scroll            |       |     2 ||     2
  Eat: Bread ration      |       |     1 ||     1
Armor: Scale mail        |    46 |    73 ||   119
Dodge: Dodged            |    40 |    56 ||    96
Block: Shield            |    73 |   101 ||   174
